 Dungeon Crawl Stone Soup version 0.22-a0-441-gcf5b0c6 (webtiles) character file.

3535 ketsa the Martial Artist (level 10, -14/74 HPs)
             Began as a Gnoll Transmuter on May 30, 2018.
             Was a Follower of Ashenzari.
             Demolished by a two-headed ogre
             ... wielding a +0 giant club
              (22 damage)
             ... on level 8 of the Dungeon.
             The game lasted 00:51:37 (9108 turns).

ketsa the Martial Artist (Gnoll Transmuter)         Turns: 9108, Time: 00:51:38

Health: -14/74     AC:  2    Str: 15    XL:     10   Next: 8%
Magic:  23/29      EV: 26    Int: 17    God:    Ashenzari [*.....]
Gold:   414        SH:  0    Dex: 20    Spells: 14/23 levels left

rFire    . . .     SeeInvis .     - Unarmed
rCold    . . .     Gourm    .   (shield currently unavailable)
rNeg     . . .     Faith    .   (armour currently unavailable)
rPois    x         Spirit   .   (helmet currently unavailable)
rElec    .         Reflect  .   (cloak currently unavailable)
rCorr    .         Harm     .   (gloves currently unavailable)
MR       .....                  (boots currently unavailable)
Stlth    +++.......             (no amulet)
HPRegen  0.22/turn              D - ring of flight (curse)
MPRegen  0.21/turn              H - ring of magical power

@: spider-form
A: tiny, distributed training, strong nose
a: End Transformation, Curse Item, Scrying, Renounce Religion, Evoke Flight


You were on level 8 of the Dungeon.
You worshipped Ashenzari.
Ashenzari was aware of your devotion.
You were not hungry.
You were a venomous arachnid creature.
You visited 2 branches of the dungeon, and saw 9 of its levels.

You collected 414 gold pieces.

Inventory:

Missiles
 a - 163 arrows
 j - 251 stones (quivered)
 p - 60 poisoned needles
 y - 18 sling bullets
 A - 18 tomahawks
Armour
 b - a +0 robe
 f - a +0 leather armour (melded)
 m - a +0 robe
 v - a +1 scale mail of positive energy
 w - a +0 cloak (melded)
 z - a +0 helmet (melded)
 O - a +0 chain mail
Magical Staves
 x - an uncursed staff of wizardry
Jewellery
 D - a cursed ring of flight (left front leg)
 H - a ring of magical power (right front leg)
 Q - an uncursed ring of stealth
Wands
 t - a wand of enslavement (16)
 B - a wand of disintegration (12)
 C - a wand of flame (13)
 F - a wand of polymorph (19)
 L - a wand of iceblast (11)
Scrolls
 g - 4 scrolls of identify
 i - a scroll of noise {unknown}
 n - 7 scrolls of teleportation
 o - 6 scrolls of remove curse
 u - a scroll of immolation {unknown}
 E - 3 scrolls of amnesia {unknown}
 I - a scroll of fog {unknown}
 J - a scroll of enchant weapon {unknown}
 N - 2 scrolls of enchant armour {unknown}
Potions
 c - 2 potions of resistance
 e - 3 potions of curing
 h - 2 potions of lignification {unknown}
 k - a potion of berserk rage {unknown}
 l - a potion of brilliance {unknown}
 q - a potion of haste
 r - 4 potions of might
 s - 2 potions of flight
 G - a potion of agility {unknown}
 K - a potion of degeneration {unknown}
 P - a potion of cancellation {unknown}
Comestibles
 d - 11 rations


   Skills:
 + Level 5.5 Fighting
 + Level 4.8 Short Blades
 + Level 4.8 Long Blades
 + Level 4.8 Axes
 + Level 4.8 Maces & Flails
 + Level 4.8 Polearms
 + Level 4.8 Staves
 + Level 4.8 Slings
 + Level 4.8 Bows
 + Level 4.8 Crossbows
 + Level 4.8 Throwing
 + Level 4.8 Armour
 + Level 6.7 Dodging
 + Level 4.8 Stealth
 + Level 4.8 Shields
 + Level 8.2 Unarmed Combat
 + Level 7.0 Spellcasting
 + Level 4.0 Conjurations
 + Level 4.0 Hexes
 + Level 4.0 Charms
 + Level 4.0 Summonings
 + Level 4.0 Necromancy
 + Level 4.0 Translocations
 + Level 5.6 Transmutations
 + Level 4.0 Fire Magic
 + Level 4.0 Ice Magic
 + Level 4.0 Air Magic
 + Level 4.0 Earth Magic
 + Level 4.0 Poison Magic
 + Level 5.3 Invocations
 + Level 4.8 Evocations


You had 14 spell levels left.
You knew the following spells:

 Your Spells              Type           Power        Failure   Level  Hunger
a - Beastly Appendage     Tmut           ####..       5%          1    None
b - Sticks to Snakes      Tmut           ####....     8%          2    None
c - Spider Form           Tmut/Pois      ###.......   14%         3    ##.....
d - Call Canine Familiar  Summ           ###.....     19%         3    ##.....

Your spell library contained the following spells:

 Spells                   Type           Power        Failure   Level  Hunger
 Summon Small Mammal      Summ           ###.         9%          1    None
 Summon Ice Beast         Ice/Summ       ###.....     43%         4    ####...
 Call Imp                 Summ           ###.....     11%         2    None
 Blade Hands              Tmut           ####......   54%         5    #####..
 Ice Form                 Ice/Tmut       ###.....     34%         4    ####...
 Summon Lightning Spire   Summ/Air       ###.....     43%         4    ####...
 Summon Guardian Golem    Hex/Summ       ###.....     19%         3    ##.....


Dungeon Overview and Level Annotations

Branches:
Dungeon (8/15)             Temple (1/1) D:6
   Lair: D:8-11

Altars:
Ashenzari
Cheibriados
Dithmenos
Fedhas
Gozag
Hepliaklqana
Kikubaaqudgha
Makhleb
Nemelex Xobeh
Okawaru
Qazlal
Ru
Sif Muna
Trog
Uskayaw
Vehumet
Wu Jian
Xom
Yredelemnul
Zin
The Shining One
Lugonu

Shops:
D:6 *

Annotations:
D:2 Sigmund
D:3 exclusion: upstairs


Innate Abilities, Weirdness & Mutations

Your experience applies equally to all skills.
((You have very sharp teeth.))
Your uncanny sense of smell can sniff out nearby items.


Message History

You hit the two-headed ogre but do no damage.
The two-headed ogre is poisoned.
The two-headed ogre is moderately wounded.
Your hound bites the two-headed ogre.
Your ball python closely misses the two-headed ogre.
You hit the two-headed ogre.
The two-headed ogre looks as sick as possible!
The two-headed ogre is moderately wounded.
Your hound barely misses the two-headed ogre.
The two-headed ogre hits you but does no damage.
The two-headed ogre misses you.
Your ball python bites the two-headed ogre but does no damage.
You hit the two-headed ogre.
The two-headed ogre looks as sick as possible!
The two-headed ogre is moderately wounded.
Your hound bites the two-headed ogre.
The two-headed ogre hits you with a giant club!!
* * * LOW HITPOINT WARNING * * *
The two-headed ogre hits you with a giant club!!
You die...

#.......###'### #.#
#.............# #..
#....#........# #.#
#....#........# #.#
..............##### #..
........).........###.#
#.###.(...............#
##'###...(......##.###..
.......sO###'##.##.###.#
.......Sh###.##.##......
..[......#..............
.#+####..#.#........##..
##.#.#.##.###.##..
#...#.##.# #.....
##..#.##.# ##.###
...#.##.# #.##
##..#.##.# #..#


You could see a two-headed ogre, a friendly hound and a friendly ball python.

Vanquished Creatures
  Pikel (D:4)
  The ghost of Zorot the Magician, a novice DEFE (D:3)
  Grinder (D:3)
  Eustachio (D:6)
  Edmund (D:4)
  A water moccasin (D:5)
  2 ice beasts
  3 ogres
  2 phantoms
  2 centaurs
  2 bullfrogs
  2 scorpions
  4 wights (D:8)
  5 howler monkeys
  2 crimson imps
  2 centaur zombies
  A bullfrog zombie (D:5)
  5 hounds
  3 orc priests (D:7)
  8 orc wizards
  Crazy Yiuf (D:3)
  Jessica (D:2)
  An iguana (D:7)
  Ijyb (D:5)
  A hound skeleton (D:4)
  A worker ant zombie (D:7)
  Robin (D:4)
  A gnoll (D:1)
  2 howler monkey zombies
  5 adders
  A shadow imp (D:7)
  An ooze (D:7)
  3 worms
  3 dart slugs
  5 leopard geckos
  29 orcs
  4 giant cockroaches
  7 hobgoblins
  16 jackals
  5 kobolds
  6 quokkas
  2 ball pythons
  5 bats
  6 frilled lizards
  2 gnoll zombies (D:5)
  22 goblins
  A leopard gecko skeleton (D:8)
  9 rats
191 creatures vanquished.

Vanquished Creatures (collateral kills)
  Terence (D:3)
  A leopard gecko (D:1)
  A ball python (D:6)
3 creatures vanquished.

Vanquished Creatures (others)
  A slave (D:4)
  A howler monkey (D:4)
  A hound skeleton (D:4)
  An adder (D:4)
4 creatures vanquished.

Grand Total: 198 creatures vanquished

Notes
Turn   | Place    | Note
-------+----------+-------------------------------------------
     0 | D:1      | ketsa the Gnoll Transmuter began the quest for the Orb.
     0 | D:1      | Reached XP level 1. HP: 17/17 MP: 6/6
   286 | D:1      | Reached XP level 2. HP: 17/23 MP: 5/7
   586 | D:1      | Reached XP level 3. HP: 28/28 MP: 9/9
   601 | D:1      | Learned a level 2 spell: Sticks to Snakes
   619 | D:1      | Reached skill level 5 in Spellcasting
   688 | D:1      | Found a shattered altar of Ashenzari.
  1280 | D:1      | Learned a level 3 spell: Spider Form
  1364 | D:2      | Noticed Sigmund
  1410 | D:2      | Reached skill level 1 in Invocations
  1662 | D:2      | Reached skill level 1 in Short Blades
  1662 | D:2      | Reached skill level 1 in Long Blades
  1662 | D:2      | Reached skill level 1 in Axes
  1662 | D:2      | Reached skill level 1 in Maces & Flails
  1662 | D:2      | Reached skill level 1 in Polearms
  1662 | D:2      | Reached skill level 1 in Staves
  1662 | D:2      | Reached skill level 1 in Slings
  1662 | D:2      | Reached skill level 1 in Bows
  1662 | D:2      | Reached skill level 1 in Crossbows
  1662 | D:2      | Reached skill level 1 in Throwing
  1662 | D:2      | Reached skill level 1 in Armour
  1662 | D:2      | Reached skill level 1 in Stealth
  1662 | D:2      | Reached skill level 1 in Shields
  1662 | D:2      | Reached skill level 1 in Evocations
  1685 | D:2      | Reached XP level 4. HP: 30/34 MP: 9/11
  1698 | D:2      | Found a stormy altar of Qazlal.
  1709 | D:2      | Found a blossoming altar of Fedhas.
  1912 | D:2      | Noticed Jessica
  1925 | D:3      | Noticed Terence
  1932 | D:2      | Killed Jessica
  2069 | D:2      | Reached skill level 1 in Conjurations
  2069 | D:2      | Reached skill level 1 in Hexes
  2069 | D:2      | Reached skill level 1 in Charms
  2069 | D:2      | Reached skill level 1 in Summonings
  2069 | D:2      | Reached skill level 1 in Necromancy
  2069 | D:2      | Reached skill level 1 in Translocations
  2069 | D:2      | Reached skill level 1 in Fire Magic
  2069 | D:2      | Reached skill level 1 in Ice Magic
  2069 | D:2      | Reached skill level 1 in Air Magic
  2069 | D:2      | Reached skill level 1 in Earth Magic
  2069 | D:2      | Reached skill level 1 in Poison Magic
  2095 | D:2      | Found a glowing golden altar of the Shining One.
  2331 | D:3      | Found an opulent altar of Gozag.
  2350 | D:3      | Reached XP level 5. HP: 40/40 MP: 12/12
  2506 | D:3      | Found an ornate altar of the Wu Jian Council.
  2506 | D:3      | Found a shimmering altar of Xom.
  2712 | D:3      | Killed Terence
  2827 | D:1      | Became a worshipper of Ashenzari the Shackled
  2928 | D:3      | Noticed Grinder
  2928 | D:3      | Paralysed by Grinder for 4 turns
  2938 | D:3      | Killed Grinder
  2938 | D:3      | Reached XP level 6. HP: 33/47 MP: 2/13
  3121 | D:3      | Noticed Zorot's ghost (novice DEFE)
  3134 | D:3      | Killed Zorot's ghost
  3134 | D:3      | Reached skill level 5 in Dodging
  3134 | D:3      | Reached skill level 7 in Unarmed Combat
  3134 | D:3      | Reached XP level 7. HP: 33/52 MP: 10/15
  3579 | D:3      | Found a runed door.
  3584 | D:3      | Noticed Crazy Yiuf
  3592 | D:3      | Killed Crazy Yiuf
  3911 | D:4      | Noticed Edmund
  3923 | D:4      | Killed Edmund
  4164 | D:4      | Noticed Pikel
  4183 | D:4      | Killed Pikel
  4183 | D:4      | Reached XP level 8. HP: 60/60 MP: 12/17
  4435 | D:5      | Entered Level 5 of the Dungeon
  4750 | D:4      | Noticed Robin
  4764 | D:4      | Killed Robin
  4923 | D:4      | Found an ancient bone altar of Kikubaaqudgha.
  5311 | D:5      | Found a shadowy altar of Dithmenos.
  5356 | D:5      | Noticed Ijyb
  5369 | D:5      | Killed Ijyb
  5726 | D:5      | Reached XP level 9. HP: 66/66 MP: 11/18
  5738 | D:5      | Found a shattered altar of Ashenzari.
  5738 | D:5      | Found a sparkling altar of Nemelex Xobeh.
  5889 | D:5      | Found a basalt altar of Yredelemnul.
  5994 | D:6      | Reached skill level 5 in Transmutations
  6468 | D:6      | Reached * piety under Ashenzari
  6470 | D:6      | Noticed Eustachio
  7024 | D:6      | Found a burning altar of Makhleb.
  7026 | D:6      | Found a radiant altar of Vehumet.
  7092 | D:6      | Found a staircase to the Ecumenical Temple.
  7098 | Temple   | Entered the Ecumenical Temple
  7191 | D:6      | Found Pios's Serpentskin Sales.
  7307 | D:5      | Reached skill level 5 in Fighting
  7444 | D:6      | Killed Eustachio
  7842 | D:7      | Reached skill level 8 in Unarmed Combat
  8015 | D:7      | Learned a level 3 spell: Call Canine Familiar
  8159 | D:7      | Reached skill level 5 in Invocations
  8734 | D:8      | Reached XP level 10. HP: 57/74 MP: 14/20
  8826 | D:8      | Noticed a two-headed ogre
  9108 | D:8      | Demolished by a two-headed ogre

Vault maps used:
D:1:      matt_arrival_grand_opening, evilmike_ruin_ashenzari
D:2:      grunt_temple_overflow_forces_of_nature, old_standard_altar,
          first_ration, uniq_jessica, uniq_sigmund
D:3:      gammafunk_temple_overflow_pools, old_standard_altar, uniq_grinder,
          uniq_terence, uniq_crazy_yiuf_cottage
D:4:      kiku_gazebo_pond_becter, nicolae_overflow_hidden_temple, uniq_edmund,
          uniq_robin, uniq_pikel
D:5:      overflow_temple_1_default, lemuel_zombie_altar_yredelemnul,
          gammafunk_temple_overflow_wave, uniq_ijyb
D:6:      corexii_shack_village, grunt_temple_overflow_lords_of_destruction,
          minmay_temple_entry_hall, glass_columns_a, grunt_ministairs_14,
          guppyfry_shop_venom, uniq_eustachio
D:8:      blue_anna_alchemist
Temple:   corrupted_temple

Skill      XL: |  1  2  3  4  5  6  7  8  9 10 |
---------------+-------------------------------+-----
Spellcasting   | 5 6 7 |  7.0
Invocations    | 1 2 3 4 5 |  5.3
Short Blades   | 1 2 3 4 |  4.8
Long Blades    | 1 2 3 4 |  4.8
Axes           | 1 2 3 4 |  4.8
Maces & Flails | 1 2 3 4 |  4.8
Polearms       | 1 2 3 4 |  4.8
Staves         | 1 2 3 4 |  4.8
Slings         | 1 2 3 4 |  4.8
Bows           | 1 2 3 4 |  4.8
Crossbows      | 1 2 3 4 |  4.8
Throwing       | 1 2 3 4 |  4.8
Armour         | 1 2 3 4 |  4.8
Stealth        | 1 2 3 4 |  4.8
Shields        | 1 2 3 4 |  4.8
Evocations     | 1 2 3 4 |  4.8
Conjurations   | 1 2 3 4 |  4.0
Hexes          | 1 2 3 4 |  4.0
Charms         | 1 2 3 4 |  4.0
Summonings     | 1 2 3 4 |  4.0
Necromancy     | 1 2 3 4 |  4.0
Translocations | 1 2 3 4 |  4.0
Fire Magic     | 1 2 3 4 |  4.0
Ice Magic      | 1 2 3 4 |  4.0
Air Magic      | 1 2 3 4 |  4.0
Earth Magic    | 1 2 3 4 |  4.0
Poison Magic   | 1 2 3 4 |  4.0
Fighting       | 3 4 5 |  5.5
Transmutations | 4 5 |  5.6
Dodging        | 5 6 |  6.7
Unarmed Combat | 7 8 |  8.2

Action                   |  1- 3 |  4- 6 |  7- 9 | 10-12 || total
-------------------------+-------+-------+-------+-------++-------
Melee: Unarmed           |    75 |    78 |   398 |    28 ||   579
       Bite              |     6 |     3 |    11 |       ||    20
       Headbutt          |     4 |     1 |     6 |       ||    11
       Kick              |     7 |     6 |    20 |     4 ||    37
       Punch             |     2 |     1 |     9 |       ||    12
Throw: Stone             |     2 |     3 |     2 |     1 ||     8
 Cast: Beastly Appendage |    14 |     8 |    20 |     2 ||    44
       Sticks to Snakes  |     2 |     6 |    19 |     2 ||    29
       Spider Form       |       |     4 |    26 |     2 ||    32
       Call Canine Famil |       |       |     1 |     1 ||     2
Invok: Curse Item        |       |       |     1 |       ||     1
  Use: Scroll            |     2 |     2 |     3 |       ||     7
       Potion            |       |       |     1 |       ||     1
 Stab: Sleeping          |     3 |     4 |     7 |     1 ||    15
       Distracted        |       |       |     1 |     1 ||     2
  Eat: Chunk             |     2 |     5 |    19 |     2 ||    28
Armor: Robe              |     5 |       |       |       ||     5
       Leather armour    |     3 |    10 |    34 |     2 ||    49
       Skin              |       |       |     8 |       ||     8
Dodge: Dodged            |    52 |    59 |   333 |    28 ||   472

Table legend:
 A = Spawn XP
 B = Non-spawn XP
 C = Spawn XP percentage of total XP
 D = Spawn monster count
 E = Non-spawn monster count
 F = Spawn count percentage of total count
 G = Total turns spent on level
                    A         B        C        D         E        F      G
               +---------+---------+-------+---------+---------+-------+---------
         Total |       0 |    5051 |   0.0 |       0 |     194 |   0.0 |  9108
               +---------+---------+-------+---------+---------+-------+---------
           D:1 |       0 |      55 |   0.0 |       0 |      22 |   0.0 |  1537
           D:2 |       0 |      83 |   0.0 |       0 |      20 |   0.0 |   724
           D:3 |       0 |     658 |   0.0 |       0 |      32 |   0.0 |  1624
           D:4 |       0 |    1157 |   0.0 |       0 |      28 |   0.0 |  1216
           D:5 |       0 |     603 |   0.0 |       0 |      22 |   0.0 |   993
           D:6 |       0 |    1221 |   0.0 |       0 |      30 |   0.0 |  1710
           D:7 |       0 |     789 |   0.0 |       0 |      29 |   0.0 |   970
           D:8 |       0 |     485 |   0.0 |       0 |      11 |   0.0 |   293
               +---------+---------+-------+---------+---------+-------+---------
